GLBL
KINGSTON COMETS @ OWEN SOUND WAVERIDERS
08/11/2048
 
TOP OF THE 1ST
Kingston Comets batting - Pitching for Owen Sound Waveriders : RHP Walt Connel
Pitching: RHP Walt Connel
Batting: RHB Walker Dunse 0-0: Called Strike
0-1: Foul Ball, location: 7LMF
0-2: Reaches on Catchers interference
Batting: RHB Marty Gibbs 0-0: Called Strike
0-1: Called Strike
0-2: Ball
Wild Pitch!
Walker Dunse to second
1-2: Strikes out swinging
Batting: RHB Art Loder 0-0: Called Strike
0-1: Foul Ball, location: 3F
0-2: Strikes out looking
Batting: RHB Ramón Salazar 0-0: Swinging Strike
0-1: Ball
1-1: Ball
2-1: Foul Ball, location: 9LMF
2-2: Ball
3-2: Strikes out swinging
Top of the 1st over - 0 runs, 0 hits, 1 error, 1 left on base; Kingston 0 - Owen Sound 0
BOTTOM OF THE 1ST
Owen Sound Waveriders batting - Pitching for Kingston Comets : RHP Dan Floyd
Pitching: RHP Dan Floyd
Batting: LHB Curt Keddy 0-0: Ball
1-0: Foul Ball, location: 23FF
1-1: Swinging Strike
1-2: Ground out 6-3 (Groundball, 6, EV 85.0 MPH)
Batting: RHB Benjamin Turley 0-0: Swinging Strike
0-1: Ball
1-1: Ball
2-1: Called Strike
2-2: SINGLE (Groundball, 4MD, EV 105.6 MPH)
Batting: LHB Josselin Leroy 0-0: Called Strike
0-1: Called Strike
0-2: Ball
1-2: Grounds into double play, 4-6-3 (Groundball, 4, EV 82.5 MPH)
Bottom of the 1st over - 0 runs, 1 hit, 0 errors, 0 left on base; Kingston 0 - Owen Sound 0
TOP OF THE 2ND
Kingston Comets batting - Pitching for Owen Sound Waveriders : RHP Walt Connel
Batting: RHB Esteban Chapa 0-0: Ball
1-0: Ground out 6-3 (Groundball, 6S, EV 85.6 MPH)
Batting: RHB Felipe Bravo 0-0: Ball
1-0: Foul Ball, location: 2F
1-1: Ground out 5-3 (Groundball, 56, EV 103.1 MPH)
Batting: LHB Rick Barnard 0-0: Foul Ball, location: 3DF
0-1: Ball
1-1: Swinging Strike
1-2: Ball
2-2: Ground out 5-3 (Groundball, 56, EV 103.8 MPH)
Top of the 2nd over - 0 runs, 0 hits, 0 errors, 0 left on base; Kingston 0 - Owen Sound 0
BOTTOM OF THE 2ND
Owen Sound Waveriders batting - Pitching for Kingston Comets : RHP Dan Floyd
Batting: LHB Freddy Leggett 0-0: Ball
1-0: Foul Ball, location: 7LDF
1-1: Ground out 4-3 (Groundball, 4, EV 86.9 MPH)
Batting: LHB Larry Wells 0-0: Ball
1-0: Ball
2-0: Foul Ball, location: 7LSF
2-1: Foul Ball, location: 3SF
2-2: Strikes out swinging
Batting: SHB Brad Durant 0-0: Foul Ball, location: 3FF
0-1: Foul Ball, location: 3FF
0-2: Strikes out swinging
Bottom of the 2nd over - 0 runs, 0 hits, 0 errors, 0 left on base; Kingston 0 - Owen Sound 0
TOP OF THE 3RD
Kingston Comets batting - Pitching for Owen Sound Waveriders : RHP Walt Connel
Batting: SHB Lane Rudge 0-0: Bunted foul
0-1: Ball
1-1: Foul Ball, location: 5FF
1-2: Strikes out looking
Batting: RHB Dan Floyd 0-0: Called Strike
0-1: Foul Ball, location: 2F
0-2: Foul Ball, location: 9LMF
0-2: Foul Ball, location: 2F
0-2: Ground out 4-3 (Groundball, 4D, EV 102.5 MPH)
Batting: RHB Walker Dunse 0-0: Ball
1-0: SINGLE (Line Drive, 56, EV 102.5 MPH)
Batting: RHB Marty Gibbs 0-0: Called Strike
0-1: Foul Ball, location: 25FF
0-2: Hit by Pitch
Walker Dunse to second
Batting: RHB Art Loder 0-0: Fielders Choice at 2nd, 5-4 (Groundball, 56, EV 104.4 MPH)
Top of the 3rd over - 0 runs, 1 hit, 0 errors, 2 left on base; Kingston 0 - Owen Sound 0
BOTTOM OF THE 3RD
Owen Sound Waveriders batting - Pitching for Kingston Comets : RHP Dan Floyd
Batting: LHB Ron Hinton 0-0: Ball
1-0: Ball
2-0: Foul Ball, location: 2F
2-1: Foul Ball, location: 2F
2-2: Ball
3-2: Foul Ball, location: 25F
3-2: Base on Balls
Batting: SHB Dave Cortés 0-0: Called Strike
0-1: Fly out, F8 (Flyball, 78M, EV 91.3 MPH)
Batting: RHB Walt Connel 0-0: Sac Bunt to 3S - play at second, runner OUT! 3-6
Batting: LHB Curt Keddy 0-0: Foul Ball, location: 7LSF
0-1: Swinging Strike
0-2: Ball
1-2: TRIPLE (Line Drive, 9D, EV 98.8 MPH)
Walt Connel scores
Batting: RHB Benjamin Turley 0-0: Foul Ball, location: 2F
0-1: Ground out 2-3 (Groundball, 2R, EV 69.4 MPH)
Bottom of the 3rd over - 1 run, 1 hit, 0 errors, 1 left on base; Kingston 0 - Owen Sound 1
TOP OF THE 4TH
Kingston Comets batting - Pitching for Owen Sound Waveriders : RHP Walt Connel
Batting: RHB Ramón Salazar 0-0: Called Strike
0-1: Ball
1-1: Ball
2-1: Swinging Strike
2-2: Ball
3-2: Foul Ball, location: 2F
3-2: Strikes out swinging
Batting: RHB Esteban Chapa 0-0: Called Strike
0-1: Ball
1-1: Ball
2-1: Foul Ball, location: 9LDF
2-2: SINGLE (Groundball, 6MD, EV 97.5 MPH)
Batting: RHB Felipe Bravo 0-0: Called Strike
Esteban Chapa is caught stealing 2nd base 2-4
0-1: Swinging Strike
0-2: Ball
1-2: Strikes out looking
Top of the 4th over - 0 runs, 1 hit, 0 errors, 0 left on base; Kingston 0 - Owen Sound 1
BOTTOM OF THE 4TH
Owen Sound Waveriders batting - Pitching for Kingston Comets : RHP Dan Floyd
Batting: LHB Josselin Leroy 0-0: Foul Ball, location: 7LDF
0-1: Ball
1-1: Foul Ball, location: 7LSF
1-2: Fly out, F7 (Line Drive, 78M, EV 84.4 MPH)
Batting: LHB Freddy Leggett 0-0: Called Strike
0-1: Ball
1-1: Foul Ball, location: 7LDF
1-2: Fly out, F4 (Popup, 4MD, EV 59.4 MPH)
Batting: LHB Larry Wells 0-0: Called Strike
0-1: Foul Ball, location: 5F
0-2: Ball
1-2: Strikes out swinging
Bottom of the 4th over - 0 runs, 0 hits, 0 errors, 0 left on base; Kingston 0 - Owen Sound 1
TOP OF THE 5TH
Kingston Comets batting - Pitching for Owen Sound Waveriders : RHP Walt Connel
Batting: LHB Rick Barnard 0-0: Foul Ball, location: 7LSFF
0-1: Ball
1-1: Swinging Strike
1-2: Ball
2-2: Strikes out swinging
Batting: SHB Lane Rudge 0-0: Foul Ball, location: 7LDF
0-1: Ball
1-1: Ball
2-1: Swinging Strike
2-2: Foul Ball, location: 7LDF
2-2: Ball
3-2: Ground out 4-3 (Groundball, 34, EV 93.8 MPH)
Batting: RHB Dan Floyd 0-0: Called Strike
0-1: Ball
1-1: Ball
2-1: Foul Ball, location: 23F
2-2: Strikes out swinging
Top of the 5th over - 0 runs, 0 hits, 0 errors, 0 left on base; Kingston 0 - Owen Sound 1
BOTTOM OF THE 5TH
Owen Sound Waveriders batting - Pitching for Kingston Comets : RHP Dan Floyd
Batting: SHB Brad Durant 0-0: Ball
1-0: Ball
2-0: Ball
3-0: Base on Balls
Batting: LHB Ron Hinton 0-0: Ball
1-0: Ball
2-0: Swinging Strike
2-1: Foul Ball, location: 9LDF
2-2: Strikes out swinging
Batting: SHB Dave Cortés 0-0: Foul Ball, location: 23FF
0-1: Called Strike
0-2: Fly out, F8 (Flyball, 78M, EV 99.4 MPH)
Batting: RHB Walt Connel 0-0: Called Strike
0-1: Foul Ball, location: 2F
0-2: Foul Ball, location: 5DF
0-2: Strikes out looking
Bottom of the 5th over - 0 runs, 0 hits, 0 errors, 1 left on base; Kingston 0 - Owen Sound 1
TOP OF THE 6TH
Kingston Comets batting - Pitching for Owen Sound Waveriders : RHP Walt Connel
Batting: RHB Walker Dunse 0-0: Foul Ball, location: 2F
0-1: SINGLE (Line Drive, 6MD, EV 100.0 MPH)
Batting: RHB Marty Gibbs 0-0: Called Strike
0-1: Ball
1-1: Called Strike
1-2: Foul Ball, location: 7LMF
1-2: Foul Ball, location: 5FF
1-2: Foul Ball, location: 9LSF
1-2: Ball
2-2: Strikes out swinging
Batting: RHB Art Loder 0-0: Ball
1-0: Ball
2-0: Ball
3-0: Called Strike
3-1: Foul Ball, location: 3FF
3-2: Grounds into double play, 5-4-3 (Groundball, 56, EV 105.0 MPH)
Top of the 6th over - 0 runs, 1 hit, 0 errors, 0 left on base; Kingston 0 - Owen Sound 1
BOTTOM OF THE 6TH
Owen Sound Waveriders batting - Pitching for Kingston Comets : RHP Dan Floyd
Batting: LHB Curt Keddy 0-0: Ball
1-0: Called Strike
1-1: Foul Ball, location: 7LDF
1-2: Ball
2-2: Strikes out swinging
Batting: RHB Benjamin Turley 0-0: Foul Ball, location: 25F
0-1: Ball
1-1: Ball
2-1: Foul Ball, location: 9LMF
2-2: Foul Ball, location: 23F
2-2: Ball
3-2: Foul Ball, location: 3DF
3-2: Base on Balls
Batting: LHB Josselin Leroy 0-0: Ball
1-0: Called Strike
1-1: Called Strike
1-2: Fly out, F7 (Flyball, 8LS, EV 98.8 MPH)
Batting: LHB Freddy Leggett 0-0: Fly out, F7 (Flyball, 78D, EV 102.5 MPH)
Bottom of the 6th over - 0 runs, 0 hits, 0 errors, 1 left on base; Kingston 0 - Owen Sound 1
TOP OF THE 7TH
Kingston Comets batting - Pitching for Owen Sound Waveriders : RHP Walt Connel
Batting: RHB Ramón Salazar 0-0: Ball
1-0: Foul Ball, location: 3DF
1-1: Called Strike
1-2: Foul Ball, location: 23F
1-2: Ball
2-2: Foul Ball, location: 23F
2-2: Ball
3-2: Base on Balls
Batting: RHB Esteban Chapa 0-0: Called Strike
0-1: Ball
1-1: Ball
2-1: Foul Ball, location: 5F
2-2: Foul Ball, location: 3FF
2-2: Foul Ball, location: 2F
2-2: Fly out, F9 (Flyball, 9S, EV 86.3 MPH)
Pitching: RHP Kevin McAskill
Pinch Hitting: LHB Armando Soto 0-0: Ball
1-0: Foul Ball, location: 3FF
1-1: Foul Ball, location: 2F
1-2: Foul Ball, location: 7LDF
1-2: Foul Ball, location: 9LMFF
1-2: Grounds into double play, 5-6-3 (Groundball, 6, EV 103.8 MPH)
Top of the 7th over - 0 runs, 0 hits, 0 errors, 0 left on base; Kingston 0 - Owen Sound 1
BOTTOM OF THE 7TH
Owen Sound Waveriders batting - Pitching for Kingston Comets : RHP Dan Floyd
Now at SS: Warren Evans
Batting: LHB Larry Wells 0-0: Ball
1-0: Ball
2-0: Called Strike
2-1: Swinging Strike
2-2: Ball
3-2: Strikes out looking
Batting: SHB Brad Durant 0-0: Ball
1-0: Ball
2-0: Foul Ball, location: 2LF
2-1: Fly out, F7 (Flyball, 7LS, EV 85.0 MPH)
Batting: LHB Ron Hinton 0-0: Ball
1-0: Foul Ball, location: 2F
1-1: Ball
2-1: Called Strike
2-2: Ball
3-2: Base on Balls
Pitching: RHP John Brown
Batting: SHB Dave Cortés 0-0: Ball
1-0: Foul Ball, location: 2F
1-1: Swinging Strike
1-2: Foul Ball, location: 2F
1-2: Foul Ball, location: 2F
1-2: Fielders Choice at 2nd, 6-4 (Groundball, 56, EV 78.8 MPH)
Bottom of the 7th over - 0 runs, 0 hits, 0 errors, 1 left on base; Kingston 0 - Owen Sound 1
TOP OF THE 8TH
Kingston Comets batting - Pitching for Owen Sound Waveriders : RHP Kevin McAskill
Batting: LHB Rick Barnard 0-0: Called Strike
0-1: Called Strike
0-2: Strikes out swinging
Batting: SHB Lane Rudge 0-0: Foul Ball, location: 2F
0-1: Swinging Strike
0-2: Ball
1-2: Ground out 6-3 (Groundball, 56, EV 86.3 MPH)
Pinch Hitting: RHB Héctor Zapata 0-0: Ball
1-0: Ball
2-0: SINGLE (Groundball, 4D, EV 103.1 MPH)
Batting: RHB Walker Dunse 0-0: Ball
1-0: Ball
2-0: Ball
3-0: Called Strike
3-1: Swinging Strike
3-2: Strikes out looking
Top of the 8th over - 0 runs, 1 hit, 0 errors, 1 left on base; Kingston 0 - Owen Sound 1
BOTTOM OF THE 8TH
Owen Sound Waveriders batting - Pitching for Kingston Comets : RHP John Brown
Pitching: RHP Santiago Costa
Pinch Hitting: RHB Freddie Franklin 0-0: Ball
1-0: Ball
2-0: Foul Ball, location: 25F
2-1: Ball
3-1: Foul Ball, location: 23F
3-2: Foul Ball, location: 3F
3-2: Ground out 5-3 (Groundball, 5S, EV 83.8 MPH)
Batting: LHB Curt Keddy 0-0: Ground out 6-3 (Groundball, 6, EV 103.8 MPH)
Batting: RHB Benjamin Turley 0-0: Foul Ball, location: 9LSF
0-1: Called Strike
0-2: Strikes out swinging
Bottom of the 8th over - 0 runs, 0 hits, 0 errors, 0 left on base; Kingston 0 - Owen Sound 1
TOP OF THE 9TH
Kingston Comets batting - Pitching for Owen Sound Waveriders : RHP Kevin McAskill
Pitching: RHP Gary Long
Batting: RHB Marty Gibbs 0-0: Called Strike
0-1: Ball
1-1: SINGLE (Line Drive, 89M, EV 105.6 MPH)
Batting: RHB Art Loder 0-0: Foul Ball, location: 2F
0-1: Ball
1-1: Foul Ball, location: 5F
1-2: Ball
2-2: Foul Ball, location: 3F
2-2: Foul Ball, location: 2F
2-2: Foul Ball, location: 5F
2-2: Fly out, F9 (Flyball, 9S, EV 96.3 MPH)
Batting: RHB Ramón Salazar 0-0: Swinging Strike
0-1: Ball
1-1: Ball
2-1: SINGLE (Groundball, 6MD, EV 99.4 MPH)
Marty Gibbs to second
Batting: RHB Esteban Chapa 0-0: Called Strike
0-1: Swinging Strike
0-2: Ball
Wild Pitch!
Marty Gibbs to third
Ramón Salazar to second
1-2: Ball
2-2: Ball
Passed Ball!
Marty Gibbs scores
Ramón Salazar to third
3-2: Base on Balls
Batting: RHB Warren Evans 0-0: Ball
1-0: Grounds into double play, 4-6-3 (Groundball, 4, EV 107.5 MPH)
Top of the 9th over - 1 run, 2 hits, 0 errors, 1 left on base; Kingston 1 - Owen Sound 1
BOTTOM OF THE 9TH
Owen Sound Waveriders batting - Pitching for Kingston Comets : RHP Santiago Costa
Pitching: LHP José Álvarez
Batting: LHB Josselin Leroy 0-0: Swinging Strike
0-1: Foul Ball, location: 23FF
0-2: Ball
1-2: Strikes out swinging
Batting: LHB Freddy Leggett 0-0: Called Strike
0-1: Ball
1-1: Ball
2-1: Foul Ball, location: 3F
2-2: Ball
3-2: Strikes out swinging
Pinch Hitting: RHB Steven Dow 0-0: Ball
1-0: Swinging Strike
1-1: Ball
2-1: Swinging Strike
2-2: Foul Ball, location: 9LMF
2-2: Foul Ball, location: 2F
2-2: Strikes out looking
Bottom of the 9th over - 0 runs, 0 hits, 0 errors, 0 left on base; Kingston 1 - Owen Sound 1
TOP OF THE 10TH
Kingston Comets batting - Pitching for Owen Sound Waveriders : RHP Gary Long
Pitching: RHP Abraham Taylor
Now in RF: Steven Dow
Batting: LHB Rick Barnard 0-0: Ball
1-0: Foul Ball, location: 2F
1-1: Ball
2-1: Foul Ball, location: 5FF
2-2: Ball
3-2: Foul Ball, location: 2F
3-2: SINGLE (Line Drive, 56D, EV 102.5 MPH)
Batting: SHB Lane Rudge 0-0: Ball
1-0: Foul Ball, location: 5SF
1-1: Grounds into double play, 6-4-3 (Groundball, 6, EV 88.1 MPH)
Pinch Hitting: RHB Mike Edwards 0-0: Called Strike
0-1: DOUBLE (Flyball, 78XD, EV 101.3 MPH)
Batting: RHB Walker Dunse 0-0: Called Strike
0-1: Ball
1-1: Foul Ball, location: 5F
1-2: 2-RUN HOME RUN (Flyball, 7D, EV 100.6 MPH), Distance : 384 ft
Batting: RHB Marty Gibbs 0-0: Ball
1-0: Ball
2-0: Called Strike
2-1: Ball
3-1: Foul Ball, location: 2F
3-2: Foul Ball, location: 3F
3-2: Ground out 5-3 (Groundball, 56S, EV 89.4 MPH)
Top of the 10th over - 2 runs, 3 hits, 0 errors, 0 left on base; Kingston 3 - Owen Sound 1
BOTTOM OF THE 10TH
Owen Sound Waveriders batting - Pitching for Kingston Comets : LHP José Álvarez
Pitching: RHP Ralph Lapthorne
Batting: SHB Brad Durant 0-0: Foul Ball, location: 2F
0-1: Called Strike
0-2: Ball
1-2: Ball
2-2: Reached on error, E6 (Groundball, 6, EV 81.9 MPH)
Batting: LHB Ron Hinton 0-0: Swinging Strike
0-1: Foul Ball, location: 5DF
0-2: Strikes out looking
Batting: SHB Dave Cortés 0-0: Called Strike
0-1: Foul Ball, location: 25FF
0-2: Strikes out swinging
Pinch Hitting: LHB Jake Teare 0-0: Ball
1-0: Called Strike
1-1: Ball
2-1: Swinging Strike
2-2: Strikes out swinging
Bottom of the 10th over - 0 runs, 0 hits, 1 error, 1 left on base; Kingston 3 - Owen Sound 1
Monday, March 4th , 2024 - OOTP Baseball 24.10 Build 82